 Dungeon Crawl Stone Soup version 0.23-a0-677-g07611c5723 (webtiles) character file.

82350 MirrMurr the Unseen (level 15, -17/79 HPs)
             Began as a Spriggan Enchanter on Jan 10, 2019.
             Was the Champion of Okawaru.
             Killed from afar by an ogre mage (31 damage)
             ... with a bolt of fire
             ... on level 2 of the Orcish Mines.
             The game lasted 01:42:16 (36256 turns).

MirrMurr the Unseen (Spriggan Enchanter)           Turns: 36256, Time: 01:42:17

Health: -17/79     AC: 14    Str:  9      XL:     15   Next: 29%
Magic:  25/25      EV: 30    Int: 15 (17) God:    Okawaru [******]
Gold:   1927       SH:  9    Dex: 18      Spells: 5/26 levels left

rFire    . . .     SeeInvis +   a - +9 quick blade
rCold    . . .     Gourm    .   S - +1 buckler {reflect}
rNeg     . . .     Faith    +   Y - +3 troll leather armour {Snorg}
rPois    .         Spirit   .   K - +2 hat
rElec    .         Reflect  +   q - +2 cloak
rCorr    .         Harm     .   (gloves unavailable)
MR       ++...                  (boots unavailable)
Stlth    +++++++...             i - amulet of faith
HPRegen  0.63/turn              j - +2 ring of protection
MPRegen  0.19/turn              U - +3 ring of slaying

@: very slightly contaminated, invisible, very quick
A: very small, unfitting armour, see invisible, herbivore, speed 3, slow
metabolism 2
a: Heroism, Finesse, Renounce Religion


You were on level 2 of the Orcish Mines.
You worshipped Okawaru.
Okawaru was exalted by your worship.
You were not hungry.

You visited 4 branches of the dungeon, and saw 24 of its levels.

You collected 1972 gold pieces.
You spent 45 gold pieces at shops.

Inventory:

Hand Weapons
 a - a +9 quick blade (weapon)
 b - the +0 hunting sling of the Blue Skies {flame, Str+4}
   (Okawaru gifted it to you on level 9 of the Dungeon)

   It causes projectiles fired from it to burn those they strike, causing extra
   injury to most foes and up to half again as much damage against particularly
   susceptible opponents.
   It affects your strength (+4).
 w - a +3 scimitar of protection
 I - the +4 rapier "Dosast" {vamp, rN++ MR+ Int+4, unknown}
   (Okawaru gifted it to you on level 6 of the Lair of Beasts)

   It inflicts no extra harm, but heals its wielder when it wounds a living foe.
   It affects your intelligence (+4).
   It greatly protects you from negative energy.
   It affects your resistance to hostile enchantments.
Missiles
 e - 645 stones (quivered)
 k - 190 sling bullets
 B - 14 tomahawks of returning
 M - 2 curare-tipped needles
 R - 13 poisoned needles
Armour
 g - a scarf of cloud immunity
 q - a +2 cloak (worn)
 K - a +2 hat (worn)
 P - +0 acid dragon scales
 S - a +1 buckler of reflection (worn)
 Y - a +3 troll leather armour (worn) {Snorg}
Jewellery
 i - an amulet of faith (around neck)
 j - a +2 ring of protection (left hand)
 p - an uncursed ring of protection from cold
 E - an uncursed ring of flight
 U - a +3 ring of slaying (right hand)
Wands
 f - a wand of random effects (61)
 o - a wand of flame (46)
 t - a wand of digging (15)
 z - a wand of paralysis (10)
 D - a wand of disintegration (39)
 G - a wand of scattershot (3)
 T - a wand of polymorph (6)
 W - a wand of enslavement (5)
Scrolls
 l - 11 scrolls of teleportation
 r - 12 scrolls of remove curse
 y - 7 scrolls of amnesia
 A - 6 scrolls of enchant armour
 F - 5 scrolls of magic mapping
 N - 4 scrolls of immolation
 O - 4 scrolls of fog
 X - a scroll of blinking
Potions
 d - 3 potions of lignification
 h - a potion of resistance {unknown}
 m - 3 potions of flight
 n - 3 potions of mutation
 s - 2 potions of might
 u - 6 potions of heal wounds
 v - a potion of haste
 C - 5 potions of curing
 H - 3 potions of cancellation
 J - 3 potions of agility
 Q - a potion of magic
 Z - a potion of berserk rage
Miscellaneous
 L - a phantom mirror
Comestibles
 c - 24 rations


   Skills:
 + Level 9.3 Fighting
 - Level 10.0 Short Blades
 - Level 15.0 Dodging
 + Level 18.6 Stealth
 - Level 7.2 Shields
 - Level 6.0 Spellcasting
 - Level 10.0 Hexes
 - Level 5.0 Summonings
 + Level 9.8 Invocations


You had 5 spell levels left.
You knew the following spells:

 Your Spells              Type           Power        Failure   Level  Hunger
a - Ensorcelled Hibernat  Hex/Ice        ###...       4%          2    #......
b - Confuse               Hex            ####....     1%          3    ##.....
c - Tukima's Dance        Hex            ####....     1%          3    ##.....
d - Dazzling Spray        Conj/Hex       ###...       8%          3    ##.....
e - Call Imp              Summ           ###.....     4%          2    #......
f - Summon Lightning Spi  Summ/Air       ##......     58%         4    ####...
g - Summon Ice Beast      Ice/Summ       ##......     58%         4    ####...

Your spell library contained the following spells:

 Spells                   Type           Power        Failure   Level  Hunger
 Corona                   Hex            ####...      1%          1    None
 Summon Small Mammal      Summ           ###.         2%          1    None
 Summon Guardian Golem    Hex/Summ       ####....     2%          3    ##.....
 Call Canine Familiar     Summ           ###.....     8%          3    ##.....
 Animate Skeleton         Necr           N/A          21%         1    None
 Pain                     Necr           #...         21%         1    None
 Sting                    Conj/Pois      #...         21%         1    None
 Poisonous Vapours        Pois/Air       #.....       30%         2    #......
 Sublimation of Blood     Necr           #.........   30%         2    #......
 Conjure Flame            Conj/Fire      #.......     52%         3    ##.....
 Ignite Poison            Fire/Tmut/Pois #.......     52%         3    ##.....
 Mephitic Cloud           Conj/Pois/Air  #.......     52%         3    ##.....
 Regeneration             Chrm/Necr      #.........   52%         3    ##.....
 Vampiric Draining        Necr           #.........   52%         3    ##.....
 Animate Dead             Necr           N/A          90%         4    ####...
 Petrify                  Tmut/Erth      #.......     90%         4    ####...
 Alistair's Intoxication  Tmut/Pois      #.......     99%         5    ######.
 Irradiate                Conj/Tmut      #.........   99%         5    ######.
 Freezing Cloud           Conj/Ice/Air   #.........   100%        6    #######
 Hydra Form               Tmut           #.........   100%        6    #######
 Statue Form              Tmut/Erth      #........    100%        6    #######
 Dragon Form              Tmut           #.........   100%        7    #######
 Ring of Flames           Chrm/Fire      #.........   100%        7    #######
 Spellforged Servitor     Conj/Summ      ##........   100%        7    #######


Dungeon Overview and Level Annotations

Branches:
Dungeon (15/15)            Temple (1/1) D:4            Lair (6/6) D:10
 Shoals (0/4) Lair:3        Snake (0/4) Lair:4        Slime (0/5) Lair:6
    Orc (1/2) D:10            Elf (0/3) Orc:2        Vaults (0/5) D:14
 Depths (0/5) D:15

Altars:
Ashenzari
Cheibriados
Dithmenos
Elyvilon
Fedhas
Gozag
Hepliaklqana
Kikubaaqudgha
Makhleb
Nemelex Xobeh
Okawaru
Qazlal
Ru
Sif Muna
Trog
Uskayaw
Vehumet
Wu Jian
Xom
Yredelemnul
Zin
The Shining One
Jiyva

Shops:
D:5 =   D:8 *   D:14 =   D:15 }   Orc:2 [[(%

Annotations:
D:11 exclusion: orange crystal statue
D:15 exclusion: Roxanne, Roxanne
Lair:3 3 runed doors, exclusion: oklob plant, Geaczug's ghost, journeyman TrMo


Innate Abilities, Weirdness & Mutations

You are very small and have problems with some larger weapons.
You are too small for most types of armour.
You have supernaturally acute eyesight. (SInv)
You are a herbivore.
You cover ground extremely quickly.
You need to consume almost no food.


Message History

You block the ogre's attack.
The ogre mage points at you and mumbles some strange words.
The crystal spear hits you!
You hear a shout!
The ogre misses you.
The ogre shouts!
You puncture the ogre!
The ogre is moderately wounded.
The cyclops throws a large rock.
The large rock hits the ogre!!!
The ogre dies!
The ogre shouts!
The ogre mage casts a spell at you. The bolt of fire hits you!
You block the ogre's attack. The ogre hits you with a +0 giant club!
* * * LOW HITPOINT WARNING * * *
The cyclops throws a large rock.
The large rock hits the ogre!!
The cyclops throws a large rock.
The large rock completely misses you.
The ogre mage points at you and mumbles some strange words.
The bolt of fire hits you!
You die...

,,,,,,,,,,...........T.OO#
###
,,,,,,,,,,........OT.oOO##
,,,,,,,,,,,#.......OCTTO##
,,,,,,,,,.##........OTOO.##
,,,,,,,,,..........∩.OOO..#
,,,,,,,,,............OO...#
,,,,,,,,,...........OO....#
,,,,,,,,,.......#..#......#
,,,,,,,,,.......@.###.....#
,,,,,,,,,...........##...##
,,,,,,,,*............#####
****
,,,,,,,,,..###...#...#*
*,,, ,,,,,,,,,.**
#........# *,,,
,,*,,,*,,,,* ##.##.#.##
*,,_ ,***,,,**,,** ##**####
*,,, ,,***,***,,,* *,,,
,,,**** **,** ****,


You could see 5 two-headed ogres, 2 ogre magi, 2 deep trolls, a cyclops, 2
trolls, 8 ogres and an orc.

Vanquished Creatures
  Rupert (D:14)
  A dire elephant (D:15)
  Snorg (D:13)
  6 hydras
  2 catoblepae
  4 two-headed ogres
  A tengu warrior (D:15)
  5 death yaks (Lair:5)
  2 centaur warriors (D:14)
  Urug (Lair:4)
  An unseen horror (shapeshifter) (D:15)
  2 unseen horrors
  A wizard (D:14)
  2 orc knights
  Pikel (D:8)
  A wolf spider (D:15)
  An orc sorcerer (Orc:1)
  3 cyclopes
  17 ugly things
  3 elephants
  5 oklob plants
  A moth of wrath (shapeshifter) (D:15)
  Maurice (D:8)
  7 black mambas
  Psyche (D:8)
  11 spiny frogs
  A centaur zombie (D:14)
  A torpor snail (Lair:4)
  3 centaur skeletons
  6 komodo dragons
  A rime drake (Lair:1)
  5 yaktaurs
  A harpy zombie (D:15)
  A tengu conjurer (D:15)
  7 trolls
  7 hornets
  5 polar bears (Lair:6)
  10 blink frogs
  2 slime creatures (D:15)
  A wraith (D:10)
  18 hippogriffs
  A vampire (D:14)
  A wyvern (Lair:1)
  A dancing weapon (D:11)
  15 spriggans
  66 yaks
  15 humans
  2 basilisks
  A steam dragon (D:12)
  3 vampire mosquitoes (D:14)
  2 wargs (D:9)
  2 hungry ghosts (D:8)
  2 acid dragons
  Edmund (D:4)
  3 nagas (Lair:4)
  A soldier ant (D:15)
  4 water moccasins
  A floating eye (Lair:2)
  5 porcupines
  11 orc warriors
  4 ice beasts
  3 sky beasts
  The ghost of Veteran the Shield-Bearer, an amateur DDFi (D:4)
  6 black bears
  An eye of draining (D:13)
  A necrophage (D:7)
  2 phantoms
  3 slaves (D:7)
  6 ogres
  3 boggarts
  11 crocodiles
  28 wolves
  5 centaurs
  A big kobold (D:12)
  24 bullfrogs
  A wyvern skeleton (D:9)
  3 scorpions
  12 killer bees
  3 howler monkeys
  20 wights
  2 bullfrog zombies
  10 crimson imps
  2 quasits
  6 jellies
  5 hounds
  6 orc priests
  10 iguanas
  Ijyb (D:4)
  Terence (D:3)
  24 orc wizards
  6 worker ants
  A hound skeleton (D:4)
  2 worker ant zombies
  7 gnolls
  5 adders
  7 shadow imps
  3 oozes
  2 adder skeletons
  A worm (D:2)
  3 dart slugs
  5 leopard geckos
  71 orcs
  5 giant cockroaches
  4 goblins
  14 hobgoblins
  9 jackals
  17 kobolds
  5 quokkas
  2 ball pythons (D:4)
  12 bats
  3 frilled lizards
  2 jackal skeletons
  A jackal zombie (D:5)
  A leopard gecko skeleton (D:6)
  9 rats
  A plant (Lair:6)
691 creatures vanquished.

Vanquished Creatures (collateral kills)
  2 ogres (D:7)
  2 wights
  A gnoll (D:6)
5 creatures vanquished.

Vanquished Creatures (others)
  A wizard (D:15)
  5 dancing weapons
  An ogre (Orc:2)
  A howler monkey (D:8)
  A bush (Lair:6)
  19 fungi
  47 plants
75 creatures vanquished.

Grand Total: 771 creatures vanquished

Notes
Turn   | Place    | Note
-------+----------+-------------------------------------------
     0 | D:1      | MirrMurr the Spriggan Enchanter began the quest for the
                  | Orb.
     0 | D:1      | Reached XP level 1. HP: 9/9 MP: 5/5
   242 | D:1      | Reached skill level 5 in Stealth
   242 | D:1      | Reached XP level 2. HP: 8/13 MP: 6/6
   254 | D:1      | Learned a level 2 spell: Ensorcelled Hibernation
  1036 | D:1      | Reached XP level 3. HP: 16/16 MP: 8/8
  1041 | D:1      | Learned a level 3 spell: Confuse
  1659 | D:2      | Found an ancient bone altar of Kikubaaqudgha.
  2094 | D:2      | Reached skill level 6 in Stealth
  2559 | D:2      | Reached XP level 4. HP: 21/21 MP: 4/9
  2703 | D:3      | Noticed Terence
  2739 | D:3      | Killed Terence
  3032 | D:3      | Reached skill level 1 in Shields
  3571 | D:3      | Reached XP level 5. HP: 24/24 MP: 10/10
  4100 | D:4      | Reached skill level 7 in Stealth
  4135 | D:4      | Learned a level 3 spell: Tukima's Dance
  4295 | D:4      | Noticed Ijyb
  4596 | D:4      | Noticed a phantom
  4600 | D:4      | Killed a phantom
  4600 | D:4      | Reached XP level 6. HP: 28/28 MP: 11/11
  4696 | D:4      | Killed Ijyb
  4721 | D:4      | Found a staircase to the Ecumenical Temple.
  4731 | Temple   | Entered the Ecumenical Temple
  4819 | Temple   | Became a worshipper of Warmaster Okawaru
  4882 | D:4      | Noticed Edmund
  4886 | D:4      | Killed Edmund
  4886 | D:4      | Reached skill level 8 in Stealth
  5092 | D:4      | Found an ornate altar of the Wu Jian Council.
  5104 | D:4      | Found a large runed door.
  5104 | D:4      | Found a large runed door.
  5112 | D:4      | Noticed Veteran's ghost (amateur DDFi)
  5253 | D:4      | Found an ornate altar of the Wu Jian Council.
  5351 | D:4      | Found a staircase to the Ecumenical Temple.
  5407 | D:4      | Killed Veteran's ghost
  5407 | D:4      | Reached skill level 5 in Short Blades
  5407 | D:4      | Reached XP level 7. HP: 11/32 MP: 2/12
  5969 | D:5      | Entered Level 5 of the Dungeon
  6256 | D:5      | Reached * piety under Okawaru
  6403 | D:5      | Reached skill level 5 in Hexes
  7176 | D:5      | Found Heniaf's Jewellery Emporium.
  7318 | D:5      | Reached XP level 8. HP: 31/36 MP: 2/15
  7565 | D:6      | Found a basalt altar of Yredelemnul.
  7663 | D:6      | Reached ** piety under Okawaru
  7689 | D:6      | Learned a level 3 spell: Dazzling Spray
  7781 | D:6      | Reached skill level 1 in Fighting
  8021 | D:6      | Found an opulent altar of Gozag.
  8655 | D:7      | Noticed a hippogriff
  8843 | D:6      | Killed a hippogriff
  9181 | D:7      | Reached skill level 5 in Dodging
  9369 | D:7      | Learned a level 2 spell: Call Imp
  9546 | D:7      | Reached *** piety under Okawaru
  9703 | D:7      | Reached XP level 9. HP: 43/43 MP: 1/16
 10013 | D:8      | Found Gaujaut's General Store.
 10014 | D:8      | Noticed Pikel
 10072 | D:8      | Noticed Maurice
 10109 | D:8      | Killed Maurice
 10210 | D:8      | Noticed a troll
 10271 | D:8      | Reached skill level 5 in Shields
 10449 | D:7      | Killed a troll
 10449 | D:7      | Reached **** piety under Okawaru
 11001 | D:8      | Killed Pikel
 11061 | D:8      | Bought a potion of curing for 45 gold pieces
 11111 | D:8      | Reached XP level 10. HP: 49/49 MP: 5/17
 11211 | D:8      | Reached skill level 10 in Dodging
 11252 | D:8      | Found an ornate altar of the Wu Jian Council.
 11366 | D:8      | Reached ***** piety under Okawaru
 11628 | D:8      | Noticed Psyche
 11826 | D:8      | Killed Psyche
 11826 | D:8      | Reached skill level 9 in Stealth
 12381 | D:9      | Found a bloodstained altar of Trog.
 12519 | D:9      | Received a gift from Okawaru
 12520 | D:9      | Got a steaming hunting sling {god gift}
 12521 | D:9      | Identified the +0 hunting sling of the Blue Skies {flame,
                  | Str+4} (Okawaru gifted it to you on level 9 of the Dungeon)
 12568 | D:9      | Noticed a red ugly thing
 12583 | D:9      | Killed a red ugly thing
 13012 | D:9      | Reached skill level 10 in Stealth
 13163 | D:9      | Found a shattered altar of Ashenzari.
 13859 | D:10     | Entered Level 10 of the Dungeon
 14346 | D:10     | Found a staircase to the Lair.
 14521 | D:10     | Reached XP level 11. HP: 52/52 MP: 7/18
 14556 | D:10     | Noticed a two-headed ogre
 14715 | D:10     | Killed a two-headed ogre
 14775 | D:10     | Reached skill level 11 in Stealth
 15362 | D:10     | Found a staircase to the Orcish Mines.
 15723 | D:11     | Noticed a two-headed ogre
 15899 | D:11     | Noticed an orange crystal statue
 15906 | D:11     | Learned a level 4 spell: Summon Lightning Spire
 15938 | D:11     | Killed a two-headed ogre
 15938 | D:11     | Received a gift from Okawaru
 15938 | D:11     | Reached ****** piety under Okawaru
 15938 | D:11     | Reached skill level 12 in Stealth
 15939 | D:11     | Got a twisted buckler {god gift}
 15950 | D:11     | Identified the +0 buckler of the Exiled Songs {rPois Regen+
                  | Int-4 Dex+3} (Okawaru gifted it to you on level 11 of the
                  | Dungeon)
 16234 | D:11     | Reached skill level 1 in Invocations
 16660 | D:11     | Reached skill level 5 in Spellcasting
 17528 | D:12     | Noticed a green ugly thing
 17582 | D:11     | Killed a green ugly thing
 18097 | D:12     | Received a gift from Okawaru
 18160 | D:12     | Reached XP level 12. HP: 58/58 MP: 21/21
 18251 | D:12     | Noticed a four-headed hydra
 18293 | D:12     | Killed a four-headed hydra
 18463 | D:12     | Reached skill level 13 in Stealth
 18559 | D:12     | Got a twitching platinum amulet
 18881 | Lair:1   | Entered Level 1 of the Lair of Beasts
 19043 | Lair:1   | Identified the amulet "Gaocrede" {Inacc Dex+6} (You found
                  | it on level 12 of the Dungeon)
 20388 | Lair:2   | Paralysed by a floating eye for 3 turns
 20396 | Lair:2   | Paralysed by a floating eye for 2 turns
 20490 | Lair:2   | Reached skill level 5 in Fighting
 20832 | Lair:2   | Received a gift from Okawaru
 21040 | Lair:3   | Found a runed gate.
 21040 | Lair:3   | Found a runed gate.
 21040 | Lair:3   | Found a runed gate.
 21048 | Lair:3   | Reached skill level 10 in Hexes
 21108 | Lair:3   | Reached skill level 14 in Stealth
 21418 | Lair:3   | Noticed Geaczug's ghost (journeyman TrMo)
 21964 | Lair:3   | Found a staircase to the Shoals.
 22123 | Lair:4   | Reached skill level 10 in Short Blades
 22160 | Lair:4   | Identified Sif Muna's Catalogue of Venomous Creation
 22172 | Lair:4   | Learned a level 4 spell: Summon Ice Beast
 22253 | Lair:4   | Received a gift from Okawaru
 22253 | Lair:4   | Reached XP level 13. HP: 64/64 MP: 18/23
 22255 | Lair:4   | Got a distressingly furry robe {god gift}
 22256 | Lair:4   | Identified the +1 robe of Monotheism {*Drain Int+4 SInv}
                  | (Okawaru gifted it to you on level 4 of the Lair of Beasts)
 22403 | Lair:4   | Found a staircase to the Snake Pit.
 22531 | Lair:4   | Noticed Urug
 22537 | Lair:4   | Killed Urug
 23300 | Lair:5   | Identified a scroll of acquirement
 23589 | Lair:5   | Reached skill level 15 in Stealth
 23947 | Lair:5   | Reached skill level 15 in Dodging
 23948 | Lair:5   | Reached skill level 5 in Invocations
 24017 | Lair:5   | Reached skill level 1 in Summonings
 24067 | Lair:5   | Received a gift from Okawaru
 24949 | Lair:6   | Entered Level 6 of the Lair of Beasts
 25912 | Lair:6   | Reached skill level 16 in Stealth
 26268 | Lair:6   | Received a gift from Okawaru
 26275 | Lair:6   | Got a translucent rapier {god gift}
 27173 | Lair:5   | Reached XP level 14. HP: 53/72 MP: 19/24
 27210 | Lair:6   | Found a viscous altar of Jiyva.
 27210 | Lair:6   | Found a staircase to the Slime Pits.
 30001 | Lair:6   | Found a viscous altar of Jiyva.
 30001 | Lair:6   | Found a staircase to the Slime Pits.
 30989 | Lair:6   | Found a viscous altar of Jiyva.
 30989 | Lair:6   | Found a staircase to the Slime Pits.
 31518 | D:13     | Received a gift from Okawaru
 32425 | D:14     | Reached skill level 17 in Stealth
 32486 | D:14     | Reached skill level 5 in Summonings
 33020 | D:14     | Noticed Snorg
 33162 | D:14     | Noticed Rupert
 33197 | D:14     | Found a gate to the Vaults.
 33256 | D:13     | Killed Snorg
 34052 | D:14     | Received a gift from Okawaru
 34101 | D:14     | Found Couriy's Jewellery Shoppe.
 34191 | D:14     | You fall through a shaft!
 34191 | D:15     | Entered Level 15 of the Dungeon
 34258 | D:15     | Noticed Roxanne
 34279 | D:15     | Reached skill level 18 in Stealth
 34305 | D:15     | Reached XP level 15. HP: 78/78 MP: 25/25
 34317 | D:15     | Found a bloodstained altar of Trog.
 34452 | D:15     | Found Ycowky's Gadget Emporium.
 34500 | D:15     | Found a gate leading to a gauntlet.
 34728 | D:15     | Found a staircase to the Depths.
 35133 | D:14     | Killed Rupert
 35133 | D:14     | Received a gift from Okawaru
 35408 | Orc:1    | Entered Level 1 of the Orcish Mines
 36177 | Orc:1    | You fall through a shaft!
 36177 | Orc:2    | Entered Level 2 of the Orcish Mines
 36231 | Orc:2    | Found Xecherch's Food Boutique.
 36240 | Orc:2    | Found Izogh's Antique Armour Shop.
 36241 | Orc:2    | Found Keafewuh's Armour Shoppe.
 36241 | Orc:2    | Found Lyacyin's Weapon Shop.
 36256 | Orc:2    | Killed from afar by an ogre mage

Vault maps used:
D:1:      eino_arrival_cavern_a
D:2:      lemuel_round_altar, first_ration, lexackson_kobold_supper
D:3:      uniq_terence
D:4:      lemuel_crystal_altar, minmay_temple_entry_water_ring,
          ebering_ghost_disaster_area, minmay_box_of_dots, uniq_ijyb,
          uniq_edmund
D:5:      serial_shops, shop
D:6:      lemuel_round_altar, nicolae_gozag_cash_rules_everything_around_me
D:8:      basic_altar, serial_shops, nicolae_shop_stone, the_bakery,
          uniq_psyche, uniq_pikel, uniq_maurice
D:9:      nicolae_ashenzari_panopticon, lemuel_crystal_altar, kennysheep_dice
D:10:     erik_lair_orcish_takeover, david_orc_2
D:11:     st_stairs_7, minmay_statue_bubble
D:14:     david_vaults_3, chequers_serial_rivers_room_a, serial_shops,
          kennysheep_mini, patterned_corridor, uniq_snorg
D:15:     hangedman_depths_entry_try_elsewhere_first, gauntlet_entry_generic,
          serial_shops, nicolae_shop_waterfront, trog_wizard, uniq_roxanne
Temple:   lightli_temple_of_artemis
Lair:1:   grunt_megastairs_3
Lair:2:   disabler_island
Lair:3:   elwin_shoals_entry_rocks, gammafunk_ghost_icy,
          minmay_lair_oklob_bushes, guppyfry_lair_drakes
Lair:4:   guppyfry_snake_entry_garden, uniq_urug
Lair:5:   beast_lair_carwin_large_3, grunt_forest_small_clearings,
          infiniplex_staircase_pool_2
Lair:6:   minmay_lair_end_enchanted_forest, slime_altar_1,
          nicolae_lair_yak_garden, serial_bayou_shore_a, lemuel_fruit_tree
Orc:2:    st_orc_open, basic_altar, mines2_david

Skill      XL: |  1  2  3  4  5  6  7  8  9 10 11 12 13 14 15 |
---------------+----------------------------------------------+-----
Stealth        | 5 6 7 8 10 12 14 16 18 | 18.6
Short Blades   | 2 3 4 5 7 8 10 | 10.0
Shields        | 1 2 3 4 6 7 |  7.2
Spellcasting   | 3 4 5 6 |  6.0
Hexes          | 4 6 7 8 10 | 10.0
Fighting       | 2 3 4 5 7 8 9 |  9.3
Dodging        | 5 9 11 12 14 15 | 15.0
Invocations    | 1 3 6 9 |  9.8
Summonings     | 3 5 |  5.0

Action                   |  1- 3 |  4- 6 |  7- 9 | 10-12 | 13-15 || total
-------------------------+-------+-------+-------+-------+-------++-------
Melee: Dagger            |   176 |   111 |   319 |   742 |   595 ||  1943
       Scimitar          |       |       |       |       |   280 ||   280
       Quick blade       |       |       |       |       |   220 ||   220
 Fire: Hunting sling     |    55 |   123 |   129 |    49 |    15 ||   371
Throw: Stone             |       |       |       |       |     1 ||     1
 Cast: Corona            |     1 |       |       |       |       ||     1
       Ensorcelled Hiber |    15 |    19 |    93 |   309 |   323 ||   759
       Confuse           |       |    10 |    41 |    82 |    57 ||   190
       Tukima's Dance    |       |       |     9 |     7 |    22 ||    38
       Dazzling Spray    |       |       |       |     1 |    13 ||    14
Invok: Heroism           |       |       |       |       |    13 ||    13
       Finesse           |       |       |       |       |     1 ||     1
Evoke: Wand              |       |       |       |       |     3 ||     3
  Use: Scroll            |     4 |     7 |     6 |    12 |     9 ||    38
       Potion            |       |       |       |       |     1 ||     1
 Stab: Sleeping          |    20 |    17 |    52 |   154 |   168 ||   411
       Confused          |       |     3 |    19 |    41 |    24 ||    87
       Distracted        |       |       |     3 |     2 |     2 ||     7
       Invisible         |       |       |       |       |     3 ||     3
  Eat: Ration            |       |     3 |     7 |    12 |    10 ||    32
Armor: Robe              |    24 |    18 |    29 |       |       ||    71
       Troll leather arm |       |       |     4 |    37 |    15 ||    56
       Acid dragon scale |       |       |       |    11 |    70 ||    81
Dodge: Dodged            |   158 |    77 |   203 |   548 |   642 ||  1628
Block: Buckler           |    21 |    30 |    71 |   165 |   344 ||   631
       Reflection        |       |       |       |       |     4 ||     4
       Rpst.: Scimitar   |       |       |       |       |    54 ||    54

Table legend:
 A = Non-vault XP
 B = Vault XP
 C = Vault XP percentage of total XP
 D = Non-vault monster count
 E = Vault monster count
 F = Vault count percentage of total count
                 A         B        C        D         E       F
            +---------+---------+-------+---------+---------+-------
      Total |   82020 |   35623 |  30.3 |     561 |     130 |  18.8
            +---------+---------+-------+---------+---------+-------
        D:1 |      52 |       0 |   0.0 |      25 |       0 |   0.0
        D:2 |      36 |      11 |  23.4 |      18 |       7 |  28.0
        D:3 |      80 |      36 |  31.0 |      27 |       1 |   3.6
        D:4 |     292 |     337 |  53.6 |       9 |       5 |  35.7
        D:5 |     644 |       0 |   0.0 |      23 |       0 |   0.0
        D:6 |     707 |       0 |   0.0 |      29 |       0 |   0.0
        D:7 |    1044 |       0 |   0.0 |      21 |       0 |   0.0
        D:8 |    2549 |    1656 |  39.4 |      45 |       4 |   8.2
        D:9 |    2586 |     344 |  11.7 |      26 |       2 |   7.1
       D:10 |    5259 |     451 |   7.9 |      52 |      12 |  18.8
       D:11 |    5611 |     199 |   3.4 |      28 |       1 |   3.4
       D:12 |    4236 |       0 |   0.0 |      41 |       0 |   0.0
       D:13 |    6203 |    2494 |  28.7 |      33 |       8 |  19.5
       D:14 |   11349 |    6340 |  35.8 |      28 |      12 |  30.0
       D:15 |    9580 |    2663 |  21.8 |      24 |       3 |  11.1
     Lair:1 |    1941 |     221 |  10.2 |      10 |       2 |  16.7
     Lair:2 |    3460 |    2692 |  43.8 |      18 |       7 |  28.0
     Lair:3 |    4195 |     137 |   3.2 |      20 |       1 |   4.8
     Lair:4 |    4579 |    1325 |  22.4 |      15 |       4 |  21.1
     Lair:5 |    7960 |    6984 |  46.7 |      24 |      16 |  40.0
     Lair:6 |    8945 |    9733 |  52.1 |      36 |      45 |  55.6
      Orc:1 |     712 |       0 |   0.0 |       9 |       0 |   0.0
            +---------+---------+-------+---------+---------+-------
